 Dungeon Crawl Stone Soup version 0.21.1-1-g345015f (webtiles) character file.

84 fishrc the Skirmisher (level 4, -4/36 HPs)
             Began as a Demonspawn Abyssal Knight on June 4, 2018.
             Was a Believer of Lugonu.
             Slain by Tarasboulda's ghost (6 damage)
             ... on level 3 of the Dungeon.
             The game lasted 00:15:40 (2413 turns).

fishrc the Skirmisher (Demonspawn Abyssal Knight)   Turns: 2413, Time: 00:15:41

Health: -4/36      AC: 10    Str: 12 (13) XL:     4   Next: 23%
Magic:  5/5        EV:  5    Int: 12 (14) God:    Lugonu [**....]
Gold:   68         SH:  0    Dex: 10 (12) Spells: 3/3 levels left

rFire    . . .     SeeInvis .   a - +2 spear
rCold    . . .     Gourm    .   (no shield)
rNeg     . . .     Faith    .   s - +1 chain mail
rPois    .         Spirit   .   (no helmet)
rElec    .         Reflect  .   (no cloak)
rCorr    .         Harm     .   t - +0 pair of gloves
MR       .....                  (no boots)
Stlth    ..........             l - amulet of magic regeneration
HPRegen  0.12/turn              (no ring)
MPRegen  0.34/turn              (no ring)

@: flying
A: nightstalker 1
a: Depart the Abyss, Bend Space, Renounce Religion


You were on level 3 of the Dungeon.
You worshipped Lugonu.
Lugonu was pleased with you.
You were very hungry.

You visited 1 branch of the dungeon, and saw 3 of its levels.
You visited the Abyss 1 time.

You collected 68 gold pieces.

Inventory:

Hand Weapons
 a - a +2 spear (weapon)
 e - a +0 hunting sling
 u - a +0 hand axe
 x - a +0 hand axe
Missiles
 f - 19 sling bullets
 j - 3 curare-tipped needles
 n - 26 arrows
 q - 13 bolts
Armour
 p - a +0 ring mail
 s - a +1 chain mail (worn)
 t - a +0 pair of gloves (worn)
 y - a +0 large shield
Jewellery
 l - an amulet of magic regeneration (around neck)
 r - an uncursed ring of loudness
Scrolls
 d - 3 scrolls of remove curse
 k - 3 scrolls of identify
 m - a scroll of amnesia
Potions
 h - a potion of flight
 i - 2 potions of curing {unknown}
 v - a potion of invisibility {unknown}
 w - a potion of brilliance {unknown}
Comestibles
 c - 6 rations


   Skills:
 + Level 3.6 Fighting
 + Level 3.0 Polearms
 + Level 2.2 Armour
 + Level 1.1 Dodging
 + Level 1.0 Stealth
 + Level 2.5 Invocations


You had 3 spell levels left.
You didn't know any spells.

Dungeon Overview and Level Annotations

Branches:
Dungeon (3/15)

Altars:
The Shining One

Annotations:
D:3 Tarasboulda's ghost, amateur MiHu


Innate Abilities, Weirdness & Mutations

You are slightly more attuned to the shadows.


Message History

The rat bites you but does no damage.
You puncture Tarasboulda's ghost!
Tarasboulda's ghost is moderately damaged.
Tarasboulda's ghost hits you.
* * * LOW HITPOINT WARNING * * *
The rat bites you but does no damage.
You hit Tarasboulda's ghost.
Tarasboulda's ghost is moderately damaged.
Tarasboulda's ghost closely misses you. The rat bites you but does no damage.
You closely miss Tarasboulda's ghost.
Tarasboulda's ghost is moderately damaged.
Tarasboulda's ghost barely misses you. The rat barely misses you.
You hit Tarasboulda's ghost.
Tarasboulda's ghost is heavily damaged.
Tarasboulda's ghost hits you but does no damage.
The rat bites you but does no damage.
You hit Tarasboulda's ghost but do no damage.
Tarasboulda's ghost is heavily damaged.
Tarasboulda's ghost hits you.
You die...

#.. #.. #.. #..
########### #..
#.........# #..
#.........# #..
#...r§§§..# ###
#..@W.§...# #
#....§§§..#
#.........####
#............###
#######?...#...#####
####.###...... #.#
####### #.# #.#


You could see Tarasboulda's ghost and a rat.

Vanquished Creatures
  Terence (D:2)
  An ooze (D:2)
  2 worms (D:2)
  3 dart slugs
  2 leopard geckos
  3 giant cockroaches (D:1)
  5 goblins
  3 hobgoblins
  7 kobolds
  A quokka (D:2)
  A ball python (D:2)
  4 bats
  3 frilled lizards
  4 rats
  A plant (D:1)
41 creatures vanquished.

Vanquished Creatures (others)
  A rat (D:2)
1 creature vanquished.

Grand Total: 42 creatures vanquished

Notes
Turn   | Place    | Note
-------+----------+-------------------------------------------
     0 | Abyss:1  | fishrc the Demonspawn Abyssal Knight began the quest for the Orb.
     0 | Abyss:1  | Reached XP level 1. HP: 18/18 MP: 2/2
    35 | Abyss:1  | Found a corrupted altar of Lugonu.
    43 | D:1      | Escaped the Abyss
   300 | D:1      | Gained mutation: You are slightly more attuned to the shadows. [demonic ancestry]
   300 | D:1      | Reached XP level 2. HP: 22/24 MP: 3/3
   375 | D:1      | Reached skill level 1 in Dodging
   670 | D:1      | Reached ** piety under Lugonu
   725 | D:1      | Reached XP level 3. HP: 29/29 MP: 4/4
  1624 | D:2      | Found a glowing golden altar of the Shining One.
  1777 | D:2      | Noticed Terence
  1793 | D:2      | Killed Terence
  1793 | D:2      | Reached skill level 1 in Stealth
  1793 | D:2      | Reached XP level 4. HP: 34/36 MP: 5/5
  2351 | D:3      | Noticed Tarasboulda's ghost (amateur MiHu)
  2413 | D:3      | Slain by Tarasboulda's ghost

Skill      XL: |  1  2  3  4 |
---------------+-------------+-----
Polearms       | 2 3 |  3.0
Dodging        | 1 |  1.1
Armour         | 2 |  2.2
Stealth        | 1 |  1.0
Fighting       | |  3.6
Invocations    | |  2.5

Action                   |  1- 3 |  4- 6 || total
-------------------------+-------+-------++-------
Melee: Spear             |   185 |    63 ||   248
  Use: Scroll            |     1 |     4 ||     5
       Potion            |       |     2 ||     2
 Stab: Sleeping          |     3 |       ||     3
       Distracted        |     1 |       ||     1
  Eat: Chunk             |     2 |     2 ||     4
Armor: Leather armour    |    11 |       ||    11
       Ring mail         |    41 |       ||    41
       Chain mail        |     4 |    40 ||    44
Dodge: Dodged            |    87 |    13 ||   100
